 Dungeon Crawl Stone Soup version 0.27-a0-1105-g946c659c87 (webtiles) character file.

Game seed: 2413339371826615654

1222 robertstho the Chopper (level 8, -3/62 HPs)
             Began as a Demonspawn Berserker on Apr 29, 2021.
             Was an Elder of Trog.
             Slain by an orc warrior
             ... wielding a +0 battleaxe
              (6 damage)
             ... on level 6 of the Dungeon.
             The game lasted 00:07:57 (6156 turns).

robertstho the Chopper (Demonspawn Berserker)       Turns: 6156, Time: 00:07:58

Health: -3/62      AC: 14    Str: 19    XL:     8   Next: 23%
Magic:  8/8        EV:  9    Int:  9    God:    Trog [****..]
Gold:   179        SH:  4    Dex: 13    Spells: 7/7 levels left

rFire    . . .     SeeInvis .   a - +0 hand axe
rCold    . . .     Faith    .   (no shield)
rNeg     . . .     Spirit   .   c - +0 plate armour
rPois    .         Reflect  .   (helmet restricted)
rElec    .         Harm     .   n - scarf {shadows}
rCorr    .         Rampage  .   g - +1 pair of gloves
Will     .....                  (no boots)
Stlth    ..........             (no amulet)
HPRegen  0.20/turn              j - ring of flight
MPRegen  0.11/turn              (no ring)

@: on berserk cooldown, flying, slowed, very slow
A: antennae 1, repulsion field 1, condensation shield
a: Renounce Religion, Berserk, Trog's Hand, Brothers in Arms


You were on level 6 of the Dungeon.
You worshipped Trog.
Trog was greatly pleased with you.
You visited 1 branch of the dungeon, and saw 6 of its levels.

You collected 179 gold pieces.

Inventory:

Hand Weapons
 a - a +0 hand axe (weapon)
Missiles
 i - 3 atropa-tipped darts
Armour
 c - a +0 plate armour (worn)
 g - a +1 pair of gloves (worn)
 n - a scarf of shadows (worn)
Jewellery
 j - a ring of flight (left hand)
Scrolls
 m - a scroll of fog
 o - a scroll of enchant armour
 p - 2 scrolls of teleportation {unknown}
 t - a scroll of vulnerability {unknown}
 u - 2 scrolls of amnesia
 x - 2 scrolls of immolation
Potions
 d - 2 potions of haste
 e - a potion of might {unknown}
 f - a potion of resistance {unknown}
 h - 3 potions of heal wounds {unknown}
 k - 2 potions of invisibility
 z - a potion of ambrosia


   Skills:
 * Level 5.3 Fighting
 + Level 5.6 Axes
 * Level 5.0 Armour
 * Level 4.0 Dodging
 + Level 0.8 Stealth
 + Level 1.4 Shields
 + Level 0.4 Evocations


You had 7 spell levels left.
You didn't know any spells.
Your spell library was empty.

Dungeon Overview and Level Annotations

Branches:
Dungeon (6/15)
 Temple: D:4-7

Altars:


Innate Abilities, Weirdness & Mutations

You have a pair of small antennae on your head.
You are surrounded by a mild repulsion field. (EV +2)
A meltable shield of frost defends you. (SH +4)


Message History

The orc warrior hits you but does no damage.
You barely miss the orc warrior.
The orc warrior is severely wounded.
You flicker back into view.
The orc warrior hits you but does no damage.
The orc warrior hits you with a +0 battleaxe!
You hit the orc warrior but do no damage.
The orc warrior is severely wounded.
The orc warrior hits you with a +0 battleaxe!
You completely miss the orc warrior.
The orc warrior is severely wounded.
You feel the effects of Trog's Hand fading.
The orc warrior barely misses you.
The orc warrior hits you with a +0 battleaxe!!
* * * LOW HITPOINT WARNING * * *
You hit the orc warrior.
The orc warrior is severely wounded.
The orc warrior hits you with a +0 battleaxe.
* * * LOW HITPOINT WARNING * * *
Your magical contamination has completely faded away.
You feel better.
The orc warrior hits you with a +0 battleaxe!
* * * LOW HITPOINT WARNING * * *
The orc warrior closely misses you.
You feel better.
The orc warrior hits you with a +0 battleaxe.
* * * LOW HITPOINT WARNING * * *
Your skin stops crawling.
You feel less strong-willed. You block the orc warrior's attack.
As you read the scroll labelled MOERONU ORIKO, it crumbles to dust.
It is a scroll of amnesia.
You feel forgetful for a moment.
As you read the scroll labelled EPRICW PEAXOC, it crumbles to dust.
It is a scroll of enchant armour.
Your +0 pair of gloves glows green for a moment.
The orc warrior hits you with a +0 battleaxe!
* * * LOW HITPOINT WARNING * * *
The orc barely misses you.
The orc warrior hits you with a +0 battleaxe.
You die...

###..###...................#
............#..............#
.......####.#.....###.....##
........#.........###.##..#
...........#.......##..#.##
##....................####
##.............5.##....#
##...........o##.##.....#
##...........5.#@.#.......
##.......##.###oo.##.......
#...>... #).####.#........#
.....)).# ..#..(...##
.......... )...
....####......##. ....
#....## . .#. ..... . ..#


You could see an orc warrior, a shadow imp and an orc.

Vanquished Creatures
  Grinder (D:5)
  A water moccasin (D:5)
  An ogre (D:6)
  A centaur (D:6)
  A phantom (D:4)
  Blork the orc (D:5)
  2 scorpions
  2 bullfrog skeletons
  A bullfrog zombie (D:5)
  A centaur skeleton (D:5)
  An orc priest (D:3)
  Crazy Yiuf (D:4)
  A gnoll shaman (D:4)
  Ijyb (D:4)
  An iguana (D:5)
  An orc wizard (D:3)
  A hound skeleton (D:4)
  4 adders (D:2)
  3 gnolls (D:4)
  2 white imps
  2 ufetubi
  An adder zombie (D:5)
  2 worms (D:4)
  4 dart slugs
  7 orcs
  7 endoplasms
  4 giant cockroaches
  7 goblins
  6 hobgoblins
  7 jackals
  8 kobolds
  2 quokkas
  7 ball pythons
  5 bats
  4 frilled lizards
  24 rats
125 creatures vanquished.

Notes
Turn   | Place    | Note
-------+----------+-------------------------------------------
     0 | D:1      | robertstho the Demonspawn Berserker began the quest for the
                  | Orb.
     0 | D:1      | Reached XP level 1. HP: 18/18 MP: 1/1
   618 | D:1      | Gained mutation: A meltable shield of frost defends you.
                  | (SH +4) [demonic ancestry]
   618 | D:1      | Reached XP level 2. HP: 23/24 MP: 2/2
   629 | D:1      | Reached ** piety under Trog
  1038 | D:1      | Gained mutation: You are surrounded by a mild repulsion
                  | field. (EV +2) [demonic ancestry]
  1038 | D:1      | Reached XP level 3. HP: 27/29 MP: 3/3
  1224 | D:1      | Found a faded altar of an unknown god.
  1545 | D:2      | Reached *** piety under Trog
  1549 | D:2      | Reached XP level 4. HP: 37/37 MP: 4/4
  2166 | D:3      | You are sucked into a shaft and drop 3 floors!
  2281 | D:6      | Noticed a scorpion
  2297 | D:6      | Killed a scorpion
  2298 | D:6      | Gained mutation: You have a pair of small antennae on your
                  | head. [demonic ancestry]
  2298 | D:6      | Reached XP level 5. HP: 22/42 MP: 5/5
  2449 | D:6      | Noticed a centaur
  2456 | D:6      | Killed a centaur
  2457 | D:6      | Reached XP level 6. HP: 48/48 MP: 6/6
  2537 | D:5      | Entered Level 5 of the Dungeon
  2622 | D:5      | Noticed a water moccasin
  2642 | D:5      | Killed a water moccasin
  2727 | D:5      | Noticed Grinder
  2736 | D:5      | Killed Grinder
  2737 | D:5      | Reached skill level 1 in Shields
  2737 | D:5      | Reached XP level 7. HP: 55/55 MP: 7/7
  2953 | D:5      | Noticed Blork the orc
  2962 | D:5      | Killed Blork the orc
  2963 | D:5      | Reached skill level 5 in Axes
  3060 | D:4      | Noticed Ijyb
  3067 | D:4      | Killed Ijyb
  3315 | D:4      | Found a runed translucent door.
  3316 | D:4      | Noticed Crazy Yiuf
  3410 | D:4      | Reached skill level 5 in Fighting
  3839 | D:3      | Paralysed by a kobold for 4 turns
  4364 | D:4      | Reached XP level 8. HP: 42/62 MP: 8/8
  4578 | D:4      | Reached **** piety under Trog
  5208 | D:4      | Killed Crazy Yiuf
  6117 | D:6      | Reached skill level 5 in Armour
  6151 | D:6      | HP: 1/62 [orc warrior/+0 battleaxe (6)]
  6156 | D:6      | HP: 3/62 [orc warrior/+0 battleaxe (9)]
  6156 | D:6      | Slain by an orc warrior

Illustrated notes

Levels and vault maps discovered:
D:1:      dpeg_arrival_another_circle, layout_rooms,
          shapermc_ecumenical_altar_mp_vishouse
D:2:      layout_loops_ring, minmay_rat_hole
D:3:      layout_loops_ring
D:4:      layout_cave_pods, cheibrodos_sewer_entry_bend, uniq_ijyb,
          uniq_crazy_yiuf_cottage
D:5:      layout_gridville, serial_bayou_lagoon_a, uniq_grinder,
          uniq_blork_the_orc
D:6:      layout_cave_pools

Skill      XL: |  1  2  3  4  5  6  7  8 |
---------------+-------------------------+-----
Dodging        | 2 3 4 |  4.0
Axes           | 3 4 5 |  5.6
Armour         | 2 3 4 5 |  5.0
Fighting       | 4 5 |  5.3
Shields        | 1 |  1.4
Stealth        | |  0.8
Evocations     | |  0.4

Action                   |  1- 3 |  4- 6 |  7- 9 || total
-------------------------+-------+-------+-------++-------
Melee: Hand axe          |   143 |    90 |   214 ||   447
Invok: Berserk           |     5 |     4 |     7 ||    16
       Trog's Hand       |       |     1 |     1 ||     2
Evoke: Wand              |       |       |     2 ||     2
  Use: Potion            |       |       |     4 ||     4
       Scroll            |       |       |     9 ||     9
Armor: Animal skin       |     7 |       |       ||     7
       Plate armour      |    76 |    57 |   112 ||   245
Dodge: Dodged            |    62 |    35 |    85 ||   182
Block: Other             |    14 |    21 |    37 ||    72

Table legend: (Time is in decaauts)
 A = Elapsed time spent in this place.
 B = Non-inter-level travel time spent in this place.
 C = Inter-level travel time spent in this place.
 D = Time resting spent in this place.
 E = Time spent auto-exploring this place.
 F = Levels seen in this place.
 G = Mean time per level.
                   A        B        C        D        E       F      G
               +--------+--------+--------+--------+--------+-----+--------+
         Total |   6347 |   6051 |    296 |    995 |   4140 |   6 | 1057.8 |
       Dungeon |   6347 |   6051 |    296 |    995 |   4140 |   6 | 1057.8 |
               +--------+--------+--------+--------+--------+-----+--------+

Top non-repeatable levels by time:
     D:4: 1541 daAuts
     D:1: 1320 daAuts
     D:5: 1236 daAuts
     D:2: 946 daAuts
     D:3: 760 daAuts
     D:6: 541 daAuts
